 Dungeon Crawl Stone Soup version 0.30-a0-802-gb92711bcdf (webtiles) character file.

Game seed: 1662989351209627715

7 jimonade the Magician (level 2, -1/23 HPs)
             Began as a Djinni Warper on Feb 23, 2023.
             Slain by a gnoll
             ... wielding a +0 spear
              (6 damage)
             ... on level 1 of the Dungeon.
             The game lasted 00:00:52 (155 turns).

jimonade the Magician (Djinni Warper)                Turns: 155, Time: 00:00:52

Health: -1/23      AC:  3    Str: 10    XL:     2   Next: 10%
Gold:   15         EV: 12    Int: 14    God:
                   SH:  0    Dex: 12

rFire   + + +      SeeInvis .    a - +0 falchion
rCold   x . .      Faith    .    (no shield)
rNeg    . . .      Spirit   .    b - +0 leather armour
rPois   ∞          Reflect  .    (no helmet)
rElec   .          Harm     .    (no cloak)
rCorr   .          Rampage  .    (no gloves)
Will    .....                    (boots unavailable)
Stlth   +                        (no amulet)
HPRegen 0.23/turn                e - ring of protection from fire
MPRegen 0.00/turn                (no ring)

@: flying
A: sickness immunity, fire resistance 2, cold vulnerability 1, float, innate
caster, HP casting, extra vitality 1
a: no special abilities


You were on level 1 of the Dungeon.
You visited 1 branch of the dungeon, and saw 1 of its levels.

You collected 15 gold pieces.

Inventory:

Hand Weapons
 a - a +0 falchion (weapon)
Missiles
 d - 7 boomerangs of dispersal (quivered)
Armour
 b - a +0 leather armour (worn)
Jewellery
 e - a ring of protection from fire (left hand)
Scrolls
 c - a scroll of blinking
 f - a scroll of fog {unknown}
Potions
 g - a potion of cancellation {unknown}


   Skills:
 + Level 2.0 Fighting
 + Level 1.7 Long Blades
 - Level 0.7 Throwing
 + Level 1.0 Armour
 + Level 2.5 Dodging
 * Level 2.6 Spellcasting


You knew the following spells:

 Your Spells              Type           Power      Damage    Failure   Level
a - Blink                 Tloc           18%        N/A       16%         2
b - Lesser Beckoning      Tloc           18%        N/A       16%         2
c - Vhi's Electric Charg  Tloc/Air       18%        N/A       30%         3
d - Teleport Other        Tloc           9%         N/A       30%         3
e - Manifold Assault      Tloc           9%         N/A       69%         4
Your spell library was empty.

Dungeon Overview and Level Annotations

Branches:
Dungeon (1/15)

Altars:


Innate Abilities, Weirdness & Mutations

You are immune to sickness and miasma.
You are immune to poison.
Your flesh is very heat resistant. (rF++)
You are vulnerable to cold. (rC-)
You float through the air rather than walking.
You learn spells naturally, not from books.
Your magical power is your life essence.
You have superior vitality. (+4 MHP)


Message History

You have reached level 2!
g - a coppery potion A goblin comes into view.
It is wielding a +0 club.
The goblin shouts!
The goblin moves out of view.
A gnoll comes into view. It is wielding a +0 spear.
The gnoll shouts!
You miss the goblin. The goblin misses you.
You barely miss the goblin. The goblin misses you.
The goblin hits you but does no damage. The goblin attacks as you move away!
The goblin barely misses you.
You miss the goblin. The goblin closely misses you.
You hit the goblin.
The goblin is moderately wounded.
The gnoll closely misses you. The goblin closely misses you.
You hit the goblin.
You kill the goblin!
The gnoll closely misses you. The gnoll closely misses you.
Things that are here:
a +0 club; a goblin corpse You closely miss the gnoll.
The gnoll hits you with a +0 spear.
You hit the gnoll but do no damage. The gnoll hits you with a +0 spear.
The gnoll closely misses you.
You closely miss the gnoll. The gnoll hits you with a +0 spear.
You barely miss the gnoll. The gnoll closely misses you.
You hit the gnoll but do no damage. The gnoll barely misses you.
You barely miss the gnoll. The gnoll misses you.
You closely miss the gnoll. The gnoll barely misses you. x2
You hit the gnoll.
The gnoll is heavily wounded.
The gnoll hits you with a +0 spear.
You hit the gnoll but do no damage.
The gnoll is heavily wounded.
The gnoll hits you with a +0 spear!
* * * LOW HITPOINT WARNING * * *
You completely miss the gnoll.
The gnoll is heavily wounded.
The gnoll hits you with a +0 spear.
You die...

.... #.#... ...
#.≈... .. #.#.≈.<⌠
#.#..# #.#.≈...
###.#..# #.#.#...
#......# #.#.+#≈≈
#.#.#..####.#.....
#g#.............##
#@###...###.##..##
#.#........##.......
#.............##..##
######..#..#####..#
#......####..##
#.##...##......
#.##...##.#####
#......##. #
#........ #


You could see a gnoll.

Vanquished Creatures
  A dart slug (D:1)
  A ball python (D:1)
  A goblin (D:1)
  2 bats (D:1)
5 creatures vanquished.

Notes
Turn   | Place    | Note
-------+----------+-------------------------------------------
     0 | D:1      | jimonade the Djinni Warper began the quest for the Orb.
     0 | D:1      | jimonade set off with the following spells memorised:
                  | Blink, Lesser Beckoning, Vhi's Electric Charge, Teleport
                  | Other, Manifold Assault.
     0 | D:1      | Reached XP level 1. HP: 18/18 MP: 0/0
    76 | D:1      | Reached XP level 2. HP: 15/23 MP: 0/0
   155 | D:1      | Slain by a gnoll

Illustrated notes

Levels and vault maps discovered:
D:1:      dpeg_arrival_rooms_with_view, layout_loops_ring, st_stairs_13

Action                     || total
---------------------------++-------
  Melee: Falchion          ||    24
 Armour: Leather armour    ||     4
  Dodge: Dodged            ||    21

Table legend: (Time is in decaauts)
 A = Elapsed time spent in this place.
 B = Non-inter-level travel time spent in this place.
 C = Inter-level travel time spent in this place.
 D = Time resting spent in this place.
 E = Time spent auto-exploring this place.
 F = Levels seen in this place.
 G = Mean time per level.
                   A        B        C        D        E       F      G
               +--------+--------+--------+--------+--------+-----+--------+
         Total |    159 |    159 |      0 |      0 |     98 |   1 |  159.0 |
       Dungeon |    159 |    159 |      0 |      0 |     98 |   1 |  159.0 |
               +--------+--------+--------+--------+--------+-----+--------+

Top non-repeatable levels by time:
     D:1: 159 daAuts
